Cogmind - Beta 11.1 @@@ ROGUE MODE // 2022.06.29 @ 18:03:24 Player: Michael Result: Self-destructed Performance ------------- Evolutions (2) 1000 Regions Visited (5) 1000 Robots Destroyed (38) 190 Value Destroyed (726) 726 Prototype IDs (4) 80 Alien Tech Used (0) 0 Bonus (81) 81 TOTAL SCORE: 3077 Bonus ------- Follower Combat Kills 81 Cogmind --------- Core Integrity 4/550 Matter 270/300 Energy 49/100 System Corruption 0% Temperature Warm (129) Movement Hovering (106) Ox1 Location -8/Materials Parts ------- > --- POWER (1) -------- (None) > --- PROPULSION (3) --- Aerolev Unit Aerolev Unit > --- UTILITY (3) ------ Coolant Injector Medium Storage Unit > --- WEAPON (4) ------- Plasma Cannon Plasma Cannon Plasma Cannon > --- INVENTORY (10) --- Wheel High-capacity Storage Unit Large Matter Pod (150) Advanced Visual Processing Unit Improved Terrain Scanner Improved Grenade Launcher Peak State ------------ > --- POWER ------------ Nuclear Core > --- PROPULSION ------- Aerolev Unit Aerolev Unit Aerolev Unit > --- UTILITY ---------- Coolant Injector Medium Storage Unit Propulsion Shielding > --- WEAPON ----------- Plasma Cannon Plasma Cannon Plasma Cannon > --- INVENTORY -------- Wheel High-capacity Storage Unit Large Matter Pod Advanced Visual Processing Unit Improved Terrain Scanner Improved Grenade Launcher [Rating: 34] Favorites ----------- Power Ion Engine Engine Ion Engine Power Core Nuclear Core Propulsion Wheel Treads Light Treads Leg Aluminum Leg Wheel Wheel Hover Unit Aerolev Unit Utility Salvage Targeting Computer Device Improved Terrain Scanner Storage High-capacity Storage Unit Processor Salvage Targeting Computer Protection Propulsion Shielding Weapon Assault Rifle Energy Cannon Ion Cannon Ballistic Gun Assault Rifle Ballistic Cannon Improved Light Cannon Launcher Rocket Launcher Build | -11 -10 -10 -10 -9 -8 ------- Run | Scr Mat Min Exi Min Mat Slots Evolved 4 | . . . . . 4 Power . | . . . . . . Propulsion 1 | . . . . . 1 Utility 1 | . . . . . 1 Weapon 2 | . . . . . 2 Parts Attached 61 | 4 18 . 1 8 30 Power 8 | 1 1 . . 1 5 Engine 6 | 1 1 . . 1 3 Core 2 | . . . . . 2 Reactor . | . . . . . . Propulsion 18 | 2 6 . . 3 7 Treads 3 | . 3 . . . . Leg 3 | 2 1 . . . . Wheel 8 | . 2 . . 3 3 Hover 4 | . . . . . 4 Flight . | . . . . . . Utility 10 | 1 2 . 1 . 6 Device 3 | . 1 . . . 2 Storage 4 | 1 . . 1 . 2 Processor 2 | . 1 . . . 1 Hackware . | . . . . . . Protection 1 | . . . . . 1 Artifact . | . . . . . . Weapon 25 | . 9 . . 4 12 Energy Gun . | . . . . . . Energy Cannon 7 | . 2 . . . 5 Ballistic Gun 12 | . 5 . . 2 5 Ballistic Cannon 2 | . 2 . . . . Launcher 4 | . . . . 2 2 Special Weapon . | . . . . . . Impact Weapon . | . . . . . . Slashing Weapon . | . . . . . . Piercing Weapon . | . . . . . . Special Melee Weapon . | . . . . . . Unidentified Prototypes 2 | . . . . . 2 Parts Lost 21 | . 2 . . 6 13 Power 4 | . 1 . . . 3 Propulsion 9 | . 1 . . 4 4 Utility 2 | . . . . 1 1 Weapon 6 | . . . . 1 5 Highest Loss Streak 4 | . 2 . . 3 4 To Critical Strikes . | . . . . . . Average Slot Usage (%) 81 | . 92 100 100 92 47 Engine 10 | . 10 14 14 12 5 Treads 7 | . 6 14 14 12 . Leg 4 | . 14 . . . . Wheel 10 | . 6 14 14 14 7 Hover 2 | . . . . . 7 Storage 11 | . 14 14 14 14 6 Processor 9 | . 11 14 14 12 . Protection 1 | . . . . . 3 Energy Cannon 1 | . 1 . . . 3 Ballistic Gun 19 | . 18 28 28 24 8 Ballistic Cannon 1 | . 5 . . . . Naked Turns . | . . . . . . Heaviest Build 51 | 10 20 14 49 51 51 Greatest Support 24 | 20 20 10 10 20 24 Greatest Overweight (x) 5 | . 1 1 4 5 5 Average Overweight (x) 1 | . . 1 2 3 1 Largest Inventory Capacity 20 | 8 8 8 20 20 20 Average Capacity 13 | 7 8 8 16 20 14 Most Carried 15 | 4 8 8 12 15 13 Average Carried 9 | 2 7 8 8 14 8 Final Capacity 20 | 8 8 8 20 20 10 Final Carried 14 | 4 8 8 12 14 6 Class Distribution -------------------- 91% | Mutant 8% | Gunner Dominant Class ---------------- Mutant | -10/Materials Mutant | -10/Mines Mutant | -10/Exiles Mutant | -9/Mines Mutant | -8/Materials Resources | -11 -10 -10 -10 -9 -8 ----------- Run | Scr Mat Min Exi Min Mat Matter Collected 1341 | 203 331 14 69 169 555 Remotely . | . . . . . . Salvage Created 1156 | . 366 14 . 266 510 Parts 67 | . 28 1 . 17 21 Haulers Intercepted 3 | . 1 . . . 2 Recyclers Shooed 4 | . 3 . . 1 . Parts Field Recycled . | . . . . . . Retrieved Matter . | . . . . . . Parts Self-Destructed . | . . . . . . Prevented . | . . . . . . Kills | -11 -10 -10 -10 -9 -8 ------- Run | Scr Mat Min Exi Min Mat Combat Hostiles Destroyed 30 | . 10 1 . 12 7 Guns 15 | . 5 1 . 8 1 Cannons 8 | . 4 . . . 4 AOE 6 | . . . . 4 2 Classes Destroyed 9 | . 6 . . 1 2 Worker 5 | . 1 . . 2 2 Tunneler 1 | . 1 . . . . Hauler 3 | . 1 . . . 2 Recycler 2 | . . . . . 2 Watcher 1 | . 1 . . . . Swarmer 15 | . 6 1 . 5 3 Grunt 10 | . 4 . . 3 3 Sentry 1 | . . . . . 1 Assembled 4 | . . . . 4 . Best Kill Streak 6 | . 4 1 . 6 4 Combat Bots Only 4 | . 2 1 . 4 3 Max Kills in Single Turn 2 | . 1 1 . 2 1 Gunslinging . | . . . . . . Exploded 2 | . . . . 2 1 Melee . | . . . . . . Uniques/NPCs Destroyed . | . . . . . . Combat | -11 -10 -10 -10 -9 -8 -------- Run | Scr Mat Min Exi Min Mat Damage Taken 2933 | . 433 30 . 757 1713 Core 789 | . 36 6 . 201 546 Absorbed by Shields . | . . . . . . Redirected to Shielding 52 | . . . . . 52 Regen/Repaired (Parts) 125 | . . . . . 125 Core Remaining (%) 51 | 100 . . . 2 . Volleys Fired 147 | . 53 4 . 31 59 Largest 3 | . 2 2 . 2 3 Hottest 240 | . 78 40 . 40 240 Shots Fired 273 | . 106 8 . 57 102 Gun 206 | . 86 8 . 52 60 Cannon 56 | . 20 . . . 36 Launcher 11 | . . . . 5 6 Special . | . . . . . . Kinetic 226 | . 106 8 . 52 60 Thermal 25 | . . . . . 25 Explosive 11 | . . . . 5 6 Electromagnetic 11 | . . . . . 11 Robot Hit Streak 10 | . 7 2 . 6 10 Robot Miss Streak 5 | . 4 4 . 4 5 Penetration Max . | . . . . . . Secondary Targets 2 | . . . . 1 1 Max Gunslinging Chain 1 | . . . . 1 1 Shots Hit Robots 162 | . 59 3 . 35 65 Core Hits 68 | . 21 2 . 21 24 Critical Kills . | . . . . . . Critical Parts Destroyed 1 | . . . . . 1 Critical Strikes 1 | . . . . . 1 Destroy 1 | . . . . . 1 Melee Attacks . | . . . . . . Impact . | . . . . . . Slashing . | . . . . . . Piercing . | . . . . . . Sneak Attacks . | . . . . . . Combat Hostiles . | . . . . . . Follow-up Attacks . | . . . . . . Damage Inflicted 3164 | . 745 39 . 798 1582 Guns 1536 | . 488 39 . 463 546 Cannons 746 | . 257 . . . 489 Explosions 882 | . . . . 335 547 Melee . | . . . . . . Ramming . | . . . . . . Kinetic 1793 | . 745 39 . 463 546 Thermal 366 | . . . . . 366 Explosive 820 | . . . . 335 485 Electromagnetic 185 | . . . . . 185 Impact . | . . . . . . Slashing . | . . . . . . Piercing . | . . . . . . Highest Corruption 9 | . . . . 9 . Average Corruption 9 | . . . . 9 . Corruption Purged . | . . . . . . Corruption Blocked . | . . . . . . Effects 3 | . . . . 3 . Energy Discharges 2 | . . . . 2 . Parts Rejected 1 | . . . . 1 . Overload Shots . | . . . . . . Overflow Damage 43 | . 1 . . 22 20 Projectiles 21 | . 1 . . . 20 Explosions 22 | . . . . 22 . Melee . | . . . . . . Knockbacks 7 | . 7 . . . . Impact . | . . . . . . Kinetic 5 | . 5 . . . . Secondary 2 | . 2 . . . . Self-Inflicted Damage 64 | . . . . 45 19 Shots 2 | . . . . 1 1 Rammed . | . . . . . . Targets Rammed . | . . . . . . Kicked . | . . . . . . Crushed . | . . . . . . Highest Temperature 174 | . 72 . . 2 174 Average Temperature 31 | . 20 . . 2 37 Received Heat Transfer 936 | . 153 . . 45 738 Siege Activations . | . . . . . . Robots Corrupted . | . . . . . . Combat Hostiles . | . . . . . . Parts Fried 1 | . 1 . . . . Impact Corruptions 1 | . 1 . . . . Robots Melted . | . . . . . . Combat Hostiles . | . . . . . . Parts Melted 2 | . . . . . 2 Heat Transferred 659 | . . . . . 659 Parts Sabotaged . | . . . . . . Parts Stolen . | . . . . . . Parts Stripped . | . . . . . . Power Chain Reactions . | . . . . . . Missiles Intercepted . | . . . . . . Alert | -11 -10 -10 -10 -9 -8 ------- Run | Scr Mat Min Exi Min Mat Peak Influence 398 | . 276 93 . 387 398 Initial 53 | . . 25 . . 53 Average 129 | . 89 43 . 227 129 Maximum Alert Level 1 | . 1 . . 1 1 Low Security (%) 78 | 100 83 100 . 64 75 Level 1 21 | . 16 . . 35 24 Level 2 . | . . . . . . Level 3 . | . . . . . . Level 4 . | . . . . . . Level 5 . | . . . . . . High Security . | . . . . . . Max Security . | . . . . . . Squads Dispatched 2 | . . . . . 2 Investigation . | . . . . . . Extermination . | . . . . . . Reinforcement 2 | . . . . . 2 Assault . | . . . . . . Garrison . | . . . . . . Intercept . | . . . . . . Searches Triggered . | . . . . . . Construction Impeded . | . . . . . . Haulers Reinforced . | . . . . . . Active Scanning Responses . | . . . . . . Cargo Convoy Interrupts . | . . . . . . Stealth | -11 -10 -10 -10 -9 -8 --------- Run | Scr Mat Min Exi Min Mat Distress Signals . | . . . . . . Communications Jammed . | . . . . . . Distress Signals . | . . . . . . Times Spotted 71 | . 16 3 . 19 33 Peak Tracking Total 13 | . 3 3 . 4 13 Tactical Retreats 12 | . 2 1 . 2 7 Traps | -11 -10 -10 -10 -9 -8 ------- Run | Scr Mat Min Exi Min Mat Traps Triggered 3 | . 3 . . . . Indirectly . | . . . . . . Trap Hack Attempts . | . . . . . . Triggered . | . . . . . . Disarmed . | . . . . . . Reprogrammed . | . . . . . . Reused . | . . . . . . Traps Extracted . | . . . . . . Installed . | . . . . . . Triggered . | . . . . . . Exploded 2 | . . . . . 2 Machines | -11 -10 -10 -10 -9 -8 ---------- Run | Scr Mat Min Exi Min Mat Machines Disabled 8 | . 3 . . 1 4 Max in Single Turn 2 | . 2 . . 1 2 Machines Sabotaged . | . . . . . . Garrisons Compromised . | . . . . . . Overloaded Fab Kills . | . . . . . . Hacking | -11 -10 -10 -10 -9 -8 --------- Run | Scr Mat Min Exi Min Mat Machines Accessed 14 | . 5 . 1 . 8 Terminals 10 | . 4 . . . 6 Fabricators . | . . . . . . Repair Stations 1 | . . . . . 1 Recycling Units 1 | . 1 . . . . Scanalyzers 1 | . . . . . 1 Garrison Access . | . . . . . . Total Hacks 31 | . 12 . 1 . 18 Successful 21 | . 7 . 1 . 13 Failed 10 | . 5 . . . 5 Catastrophic 2 | . 2 . . . . Database Lockouts . | . . . . . . Manual 5 | . . . . . 5 Terminals 22 | . 10 . . . 12 Fabricators . | . . . . . . Repair Stations 4 | . . . . . 4 Recycling Units 2 | . 2 . . . . Scanalyzers 2 | . . . . . 2 Garrison Access . | . . . . . . Terminal Hacks 11 | . 5 . 1 . 5 Record 2 | . . . 1 . 1 Prototype ID Bank 1 | . 1 . . . . Branch Access Points 1 | . 1 . . . . Emergency Access Points 1 | . . . . . 1 Unreport Threat 1 | . 1 . . . . Locate Traps 1 | . . . . . 1 Hauler Manifests 2 | . 1 . . . 1 Zone Layout 2 | . 1 . . . 1 Fabricator Hacks . | . . . . . . Repair Station Hacks 4 | . . . . . 4 Scan Component 2 | . . . . . 2 Repair 2 | . . . . . 2 Recycling Unit Hacks 2 | . 2 . . . . Process 1 | . 1 . . . . Retrieve Matter 1 | . 1 . . . . Scanalyzer 2 | . . . . . 2 Insert Component 1 | . . . . . 1 Analyze 1 | . . . . . 1 Garrison Access Hacks . | . . . . . . Unauthorized Hacks 2 | . . . . . 2 Terminals 2 | . . . . . 2 Assimilate 1 | . . . . . 1 Botnet 1 | . . . . . 1 Fabricators . | . . . . . . Repair Stations . | . . . . . . Recycling Units . | . . . . . . Scanalyzers . | . . . . . . Garrison Access . | . . . . . . Data Cores Recovered . | . . . . . . Used . | . . . . . . Hacking Detections 9 | . 3 . . . 6 Full Trace Events . | . . . . . . Feedback Events . | . . . . . . Feedback Blocked . | . . . . . . Robot Schematics Acquired . | . . . . . . Robots Built . | . . . . . . Authchips . | . . . . . . Time . | . . . . . . Total Robot Build Rating . | . . . . . . Part Schematics Acquired 1 | . . . . . 1 Parts Built . | . . . . . . Authchips . | . . . . . . Time . | . . . . . . Total Part Build Rating . | . . . . . . Parts Repaired 2 | . . . . . 2 Time 52 | . . . . . 52 Parts Recycled . | . . . . . . Recycled Matter 167 | . 167 . . . . Retrieved Matter 300 | . 300 . . . . Retrieved Components . | . . . . . . Parts Scanalyzed 1 | . . . . . 1 Part Schematics Acquired 1 | . . . . . 1 Parts Damaged . | . . . . . . Bothacking | -11 -10 -10 -10 -9 -8 ------------ Run | Scr Mat Min Exi Min Mat Used RIF Installer . | . . . . . . Robots Hacked . | . . . . . . Non-combat . | . . . . . . Combat . | . . . . . . Robot Hacks Applied . | . . . . . . Relay Couplers Released . | . . . . . . Fabnet Peak Effective % . | . . . . . . Robots Rewired . | . . . . . . Allies Hacked . | . . . . . . Hacks Repelled . | . . . . . . Allies | -11 -10 -10 -10 -9 -8 -------- Run | Scr Mat Min Exi Min Mat Total Allies 3 | . . 3 . . . Largest Group 3 | . . 3 3 3 . Highest-Rated Group 40 | . . 40 40 40 . Highest-Rated Ally 16 | . . 16 16 16 . Total Orders . | . . . . . . Ally Attacks 16 | . . . . 16 . Total Damage 142 | . . . . 142 . Kills 5 | . . . . 5 . Allies Corrupted . | . . . . . . Allies Melted . | . . . . . . Intel | -11 -10 -10 -10 -9 -8 ------- Run | Scr Mat Min Exi Min Mat Robot Analysis Total . | . . . . . . Derelict Logs Recovered 3 | . . 1 . 2 . Drone Launches . | . . . . . . Drone Recoveries . | . . . . . . Exploration | -11 -10 -10 -10 -9 -8 ------------- Run | Scr Mat Min Exi Min Mat Turns Passed 2702 | 59 735 183 439 527 759 Spaces Moved 1991 | 44 485 170 351 283 658 Core 113 | 8 . . . . 105 Treads 2 | . 2 . . . . Legs 252 | 36 216 . . . . Wheels 1263 | . 267 170 351 283 192 Hover 361 | . . . . . 361 Flight . | . . . . . . Fastest Speed 42 | 50 80 95 95 95 42 Average Speed 99 | 107 101 95 123 133 71 Slowest Speed 160 | 120 160 95 140 155 155 Overloaded Moves . | . . . . . . Propulsion Burnouts . | . . . . . . Robots Hopped . | . . . . . . Cave-ins Triggered . | . . . . . . Exploration Rate (%) 47 | 3 73 39 58 62 51 Regions Visited 5 Branch Regions 3 Pre-discovered Areas 2 | . . . 1 1 . Known Exits Taken 1 | . 1 . . . . Unknown Exits Taken 4 | 1 . 1 1 1 . Scrap Searched . | . . . . . . Spaces Dug 14 | . . . . 14 . Terrain Destroyed 93 | . 1 . . 52 40 Melee . | . . . . . . Projectile 6 | . 1 . . . 5 AOE 87 | . . . . 52 35 Terrain Rammed . | . . . . . . Walls Destroyed . | . . . . . . Machines Disabled . | . . . . . . Actions | -11 -10 -10 -10 -9 -8 --------- Run | Scr Mat Min Exi Min Mat Total 2459 | 54 635 183 357 375 855 Wait 192 | 3 46 10 . 48 85 Move 1986 | 43 484 169 350 282 658 Hop . | . . . . . . Pick Up 34 | 4 15 . 5 3 7 Fast Attach 30 | 4 11 . . . 15 Attach 20 | . 2 . . 5 13 Detach 12 | . 2 . . 3 7 Swap 11 | . 5 . 1 3 2 Drop 27 | . 17 . 1 . 9 Fire 147 | . 53 4 . 31 59 Melee . | . . . . . . Ram . | . . . . . . Kick . | . . . . . . Crush . | . . . . . . Escape Stasis . | . . . . . . Rewire . | . . . . . . Trap . | . . . . . . Miscellaneous . | . . . . . . Route ------- -11/Scrapyard -10/Materials (discovered 3 exits: [*Mat] / *Min x2) -10/Mines (discovered 2 exits: [*Mat] / *Exi) -10/Exiles -9/Mines -8/Materials (discovered 3 exits: *Fac x2 / *Sto) History --------- Turn | Location | Event 6 | -11/Scrapyard | Discovered new exit (range 14) 60 | -11/Scrapyard | Entered Materials 304 | -10/Materials | Build established: Mutant 363 | -10/Materials | Identified exit to Mines 564 | -10/Materials | Discovered new exit (range 9) 795 | -10/Materials | Entered Mines 831 | -10/Mines | Found a hidden stash of uninstalled traps 866 | -10/Mines | Assisted by bots powering up and referring to "LRC-V3" 905 | -10/Mines | Learned location of 1 exit from Materials 952 | -10/Mines | Discovered new exit (range 10) 965 | -10/Mines | Deemed a non-threat by the Exiles lab entrance 965 | -10/Mines | Discovered new exit (range 5) 978 | -10/Mines | Entered Exiles 978 | -10/Exiles | Accompanied by 3 allies 1000 | -10/Exiles | Met 8R-AWN 1017 | -10/Exiles | Met EX-HEX 1061 | -10/Exiles | Met EX-DEC 1078 | -10/Exiles | Learned location of Zion (-6) 1403 | -10/Exiles | Discovered new exit (range 11) 1417 | -10/Exiles | Entered Mines 1417 | -9/Mines | Accompanied by 3 allies 1427 | -9/Mines | Learned location of Storage (-8) 1618 | -9/Mines | Received a Rocket Launcher from a helpful Derelict 1768 | -9/Mines | Assembled infested the area 1889 | -9/Mines | Core integrity fell below 50% 1894 | -9/Mines | Discovered new exit (range 14) 1914 | -9/Mines | Lost 3 parts (2n1u) 1935 | -9/Mines | Core integrity fell below 20% 1944 | -9/Mines | Entered Materials 1944 | -8/Materials | Evolved 4 slots: Propulsion x1, Utility x1, Weapon x2 1945 | -8/Materials | Identified exit to Storage 1946 | -8/Materials | Identified exit to Factory 2120 | -8/Materials | Repaired Wheel 2148 | -8/Materials | Repaired Assault Rifle 2232 | -8/Materials | Lost 4 parts (1n3w) 2403 | -8/Materials | Core integrity fell below 50% 2416 | -8/Materials | Lost 4 parts (2p1n1w) 2425 | -8/Materials | Discovered exit to Factory (range 5) 2664 | -8/Materials | Core integrity fell below 20% 2703 | -8/Materials | Self-destructed Last Messages --------------- 02655_ Critical hit (Burn: +37). 02663_ Connecting with Terminal... >>Layout(Zone) Retrieving Zone 8P layout... Downloaded map data. 02669_ Acquired Adv. Visual Processing Unit. 02676_ T-07 Excavator is excavating. 02678_ EM Pulse Cannon destroyed. 02681_ Discarded Adv. Visual Processing Unit. 02682_ Acquired Coolant Injector. 02683_ Acquired Plasma Cannon. 02687_ S-10 Pest destroyed. 02691_ Acquired Plasma Cannon. 02693_ S-10 Pest destroyed. 02695_ Propulsion Shielding destroyed. 02695_ Aerolev Unit destroyed. 02696_ Destroyed Flight Unit. 02696_ Lgt. Ion Engine melted. 02696_ S-10 Pest destroyed. 02698_ Nuclear Core destroyed. Map ----- +----------------------------------------------------+ | | | | | | | | | | | | | | | | | | | | | | | | | | | | | | | | | | | | | | | | | | | | | | | ???????????????????????????????????????????????? | | ??????????????????####;####????????????????????? | | ??????????????????#;[[!!]@#????????????????????? | | ??????????????##??##[[!=g%#????????????????????? | | ??????????????# #??#[ggg% #????????????????????? | | ???????????##### ### g=####????????????????????? | | ???????????+ =#???????????????????????? | | ???????????##### #???????????????????????? | | #####+######??#; #???????????????????????? | | ### ######## #?????????????????#?????? | | Y #???????????????????????? | | #???????????????????????? | | ####/## #??????????#????????????? | | ### ######### # #???????????#???????????? | | ## ##???????# # #???????????????????????? | | ## #????????# [ # #????????????#??????????? | | ## #????????# # #???????????????????????? | | ## #????????#| # #???##########??????????? | | ## #???????#######+##??# ############# | | ?### #???????# #???# # # # | | ## ##??????#"" ! #???# !! # < " " | | # ########"Y #???# !! # " " | | " # / #"" #???# # " " | | + T / #???# """ # | | # # !! #???# """ + | | # ###### # !!! #???# """ # ! | | ## ##????# # !! #???# # | +----------------------------------------------------+ Best States ------------- Heat Dissipation 31 Coolant Potential 65 Energy Generation 14 Energy Capacity 250 Matter Stores 300 Matter Capacity 300 Sight Range 20 Terrain Scan Range 16 Terrain Scan Density 10 Propulsion Shielding 33 Evasion (%) 56 Recoil Reduction 1 Salvage Targeting 1 Item Schematics ----------------- Hcp. Storage Unit | -8/Materials | Scanalyzed Robot Schematics ------------------ None Fabricated ------------ Nothing Alien Tech Used ----------------- None Achievements -------------- None Challenges ------------ None Game ------ Seed StorageFactoryDevice Manual? 0 Play Time 00:31:15 Cumulative 679.3 hours Start 2022.06.28 @ 21:22:03 End 2022.06.29 @ 18:03:24 Sessions 4 Manual Loads 0 Difficulty Rogue Special Mode None Game No. 208 Rogue 172 Adventurer 36 Explorer 0 Win Type - Total 15 Types 15/0/0/0/0/0/0/0/0 Lore% 56 Gallery% 63 Achievement% 49 Wizard Run 0 Options --------- ASCII 0 Keyboard 1 Movement Vi Keybinds 0 Fullscreen 1 Font 18/Terminus Map View 76x50 Tactical HUD 1 Map Filters NONE Filters NONE Steam 0 RUN: ead8851f-aba1-41ac-9ea9-95417b5f3df9